 Dungeon Crawl Stone Soup version 0.21-a0-509-gecc5317 (webtiles) character file.

847 Leszczynek the Basher (level 8, -2/67 HPs)
             Began as a Naga Warper on Dec 1, 2017.
             Was a Follower of Nemelex Xobeh.
             Slain by Prince Ribbit (7 damage)
             ... on level 6 of the Dungeon.
             The game lasted 00:21:52 (3290 turns).

Leszczynek the Basher (Naga Warper)                 Turns: 3290, Time: 00:21:53

Health: -2/67      AC:  5    Str: 16    XL:     8   Next: 0%
Magic:  9/11       EV: 10    Int: 14    God:    Nemelex Xobeh [*.....]
Gold:   185        SH:  0    Dex: 10    Spells: 3/11 levels left

rFire    + . .     SeeInvis +   a - +2 whip (elec)
rCold    . . .     Gourm    .   (no shield)
rNeg     . . .     Faith    .   k - +2 robe {MR+}
rPois    +         Spirit   .   (no helmet)
rElec    .         Reflect  .   (no cloak)
rCorr    +         Harm     .   (no gloves)
MR       ++...                  (no barding)
Stlth    ++........             n - amulet of magic regeneration
HPRegen  0.21/turn              u - ring of resist corrosion
MPRegen  0.37/turn              r - ring of protection from fire

@: very slow
A: large, see invisible, deformed body, poison resistance, slowness 2, slow
metabolism 1, spit poison 1, AC +2
a: Spit Poison, Renounce Religion


You were on level 6 of the Dungeon.
You worshipped Nemelex Xobeh.
Nemelex Xobeh was aware of your devotion.
You were not hungry.

You visited 1 branch of the dungeon, and saw 6 of its levels.

You collected 185 gold pieces.

Inventory:

Hand Weapons
 a - a +2 whip of electrocution (weapon)
 g - a +0 mace of draining
 j - a +1 dagger of holy wrath
 s - a +0 flail
Missiles
 e - 5 tomahawks of dispersal (quivered)
 p - 2 poisoned tomahawks
 v - 2 tomahawks
Armour
 k - a +2 robe of magic resistance (worn)
 o - a cursed +0 large shield
 w - a cursed +0 robe
Jewellery
 n - an amulet of magic regeneration (around neck)
 r - a ring of protection from fire (right hand)
 u - a ring of resist corrosion (left hand)
 z - an uncursed ring of flight {unknown}
Scrolls
 f - a scroll of blinking
 h - a scroll of enchant armour
 E - 2 scrolls of teleportation
 G - a scroll of identify {@r1}
Potions
 b - a potion of magic {unknown}
 m - a potion of flight {unknown}
 q - a potion of agility {unknown}
 t - 2 potions of curing {unknown}
 x - a potion of might {unknown}
Books
 c - a book of Spatial Translocations

   Spells                             Type                      Level
   a - Blink                          Translocation                2
   b - Shroud of Golubria             Charms/Translocation         2
   c - Lesser Beckoning               Translocation                3
   d - Gell's Gravitas                Translocation                3
   e - Teleport Other                 Translocation                3
   f - Passage of Golubria            Translocation                4
 C - a book of Frost

   Spells                             Type                      Level
   a - Freeze                         Ice                          1
   b - Throw Frost                    Conjuration/Ice              2
   c - Ozocubu's Armour               Charms/Ice                   3
   d - Throw Icicle                   Conjuration/Ice              4
   e - Summon Ice Beast               Ice/Summoning                4
Miscellaneous
 i - a plain deck of destruction {drawn: 6} {god gift}
 y - a plain deck of destruction {god gift}
 B - a plain deck of summoning {god gift}
 F - a plain deck of destruction {god gift}
Comestibles
 d - 2 bread rations
 l - 2 royal jellies
 A - a meat ration
 D - 11 chunks of flesh


   Skills:
 - Level 2.0 Fighting
 * Level 8.2 Maces & Flails
 - Level 0.8 Throwing
 - Level 0.7 Armour
 - Level 1.5 Dodging
 - Level 2.1 Stealth
 - Level 2.0 Spellcasting
 - Level 3.0 Translocations
 + Level 3.3 Invocations


You had 3 spell levels left.
You knew the following spells:

 Your Spells              Type           Power        Failure   Level  Hunger
a - Shroud of Golubria    Chrm/Tloc      #.........   19%         2    ###....
d - Passage of Golubria   Tloc           N/A          56%         4    #####..
B - Blink                 Tloc           N/A          11%         2    ###....


Dungeon Overview and Level Annotations

Branches:
Dungeon (6/15)
 Temple: D:4-7

Altars:
Hepliaklqana
Nemelex Xobeh
Vehumet

Shops:
D:5 =

Annotations:
D:2 Natasha
D:4 pikel
D:5 Laiders's ghost, amateur DrTm
D:6 Prince Ribbit


Innate Abilities, Weirdness & Mutations

You cannot wear boots.
Your serpentine skin is tough. (AC +2)
You have supernaturally acute eyesight. (SInv)
Armour fits poorly on your strangely shaped body.
Your system is resistant to poisons. (rPois)
You cover ground very slowly.
You have a slow metabolism.
You can spit poison.


Message History

You have got your breath back.
Prince Ribbit hits you!
You barely miss Prince Ribbit.
Prince Ribbit is heavily wounded.
Prince Ribbit looks more healthy.
Prince Ribbit closely misses you.
You hit Prince Ribbit.
Prince Ribbit is heavily wounded.
Prince Ribbit hits you!
You miss Prince Ribbit.
Prince Ribbit is heavily wounded.
Prince Ribbit hits you!
You closely miss Prince Ribbit.
Prince Ribbit is heavily wounded.
Prince Ribbit hits you!
* * * LOW HITPOINT WARNING * * *
Casting: Shroud of Golubria
Confirm with . or Enter, or press ? or * to list all spells.
You blink.
Prince Ribbit hits you!
You die...
Your body glows slightly and disappears.

#####################
#....................
#)#############.....#
#.# #.....# #.#
#.....# #.# #.....#
#.###.##### #######
#.........# ..
######..@.######## ..
+...F§....... ..
#....######## ..
......... ..
########## .. .. .


You could see Prince Ribbit.

Vanquished Creatures
  A hog (D:4)
  A slave (D:4)
  An ogre (D:6)
  A crimson imp (D:5)
  A jelly (D:5)
  An orc priest (D:5)
  A gnoll shaman (D:6)
  6 orc wizards
  A worker ant (D:6)
  4 gnolls
  4 adders
  An adder zombie (D:6)
  An adder skeleton (D:6)
  3 worms
  2 dart slugs
  2 leopard geckos
  17 orcs
  8 giant cockroaches
  8 goblins
  3 hobgoblins (D:2)
  2 quokkas
  3 ball pythons
  6 bats
  3 frilled lizards
  6 kobolds
  4 rats (D:3)
91 creatures vanquished.

Vanquished Creatures (collateral kills)
  Sigmund (D:5)
  3 slaves (D:4)
  An ogre (D:5)
  A hound (D:5)
6 creatures vanquished.

Grand Total: 97 creatures vanquished

Notes
Turn   | Place    | Note
-------+----------+-------------------------------------------
     0 | D:1      | Leszczynek the Naga Warper began the quest for the Orb.
     0 | D:1      | Reached XP level 1. HP: 19/19 MP: 3/3
    65 | D:1      | kek
   143 | D:1      | Ouch! That really hurt!
   333 | D:1      | Reached XP level 2. HP: 13/26 MP: 5/5
   464 | D:1      | Reached skill level 3 in Maces & Flails
   525 | D:1      | Learned a level 2 spell: Blink
   535 | D:1      | Learned a level 2 spell: Shroud of Golubria
   721 | D:2      | Reached XP level 3. HP: 25/32 MP: 6/6
   815 | D:2      | Reached skill level 1 in Stealth
   858 | D:3      | Noticed Natasha
   972 | D:3      | Noticed a centaur
  1052 | D:3      | Reached skill level 2 in Stealth
  1119 | D:3      | Found a hazy altar of Hepliaklqana.
  1361 | D:3      | Reached XP level 4. HP: 31/39 MP: 7/7
  1463 | D:3      | Reached skill level 4 in Maces & Flails
  1558 | D:3      | Reached XP level 5. HP: 17/45 MP: 6/8
  1800 | D:4      | Found a sparkling altar of Nemelex Xobeh.
  1808 | D:4      | Became a worshipper of Nemelex Xobeh the Trickster
  1900 | D:4      | Received a gift from Nemelex Xobeh
  2002 | D:4      | Noticed a slave
  2114 | D:3      | Reached skill level 5 in Maces & Flails
  2162 | D:5      | Entered Level 5 of the Dungeon
  2252 | D:5      | Noticed Sigmund
  2262 | D:5      | Killed Sigmund
  2262 | D:5      | Reached skill level 6 in Maces & Flails
  2262 | D:5      | Reached XP level 6. HP: 44/52 MP: 9/9
  2367 | D:5      | Received a gift from Nemelex Xobeh
  2410 | D:5      | Learned a level 4 spell: Passage of Golubria
  2418 | D:5      | Found a radiant altar of Vehumet.
  2537 | D:5      | Reached skill level 1 in Invocations
  2604 | D:5      | Reached skill level 7 in Maces & Flails
  2604 | D:5      | Reached XP level 7. HP: 46/60 MP: 10/10
  2632 | D:5      | Reached * piety under Nemelex Xobeh
  2756 | D:5      | Noticed Laiders's ghost (amateur DrTm)
  2819 | D:4      | Noticed Pikel
  2840 | D:4      | Noticed Pikel
  2840 | D:4      | Pikel changed into Pikel the hog
  2845 | D:4      | Killed Pikel the hog
  2845 | D:4      | Reached skill level 2 in Invocations
  2917 | D:5      | Received a gift from Nemelex Xobeh
  2923 | D:5      | Found Vego's Jewellery Shop.
  3037 | D:6      | Noticed Prince Ribbit
  3176 | D:6      | Received a gift from Nemelex Xobeh
  3239 | D:6      | Reached skill level 8 in Maces & Flails
  3239 | D:6      | Reached skill level 3 in Invocations
  3273 | D:6      | Reached XP level 8. HP: 54/67 MP: 11/11
  3289 | D:6      | HP: 5/67 [Prince Ribbit (14)]
  3290 | D:6      | Slain by Prince Ribbit

Vault maps used:
D:1:      dpeg_arrival_refuge, minmay_tromino_v4_c
D:2:      lemuel_round_altar
D:3:      nicolae_dithmenos_shadow_blocks, nicolae_tso_carved_into_rock,
          lemuel_coloured_pillars_altar, gup_sewer_entry_bubbles, dk_vineyard_2,
          uniq_natasha
D:4:      nemelex_xobeh_ov_fountains_minmay, first_bread,
          nicolae_ru_the_path_less_chosen, uniq_duvessa, uniq_grinder,
          uniq_pikel
D:5:      zin_angel, lemuel_doored_altar, serial_shops, shop_fountains,
          uniq_sigmund
D:6:      serial_shops, kennysheep_little_box, uniq_prince_ribbit1

Skill      XL: |  1  2  3  4  5  6  7 |
---------------+----------------------+-----
Maces & Flails | 3 4 6 7 8 |  8.2
Stealth        | 2 |  2.1
Invocations    | 1 3 |  3.3
Fighting       | |  2.0
Throwing       | |  0.8
Armour         | |  0.7
Dodging        | |  1.5
Spellcasting   | |  2.0
Translocations | |  3.0

Action                   |  1- 3 |  4- 6 |  7- 9 || total
-------------------------+-------+-------+-------++-------
Melee: Mace              |   109 |    89 |    23 ||   221
       Spear             |     1 |       |       ||     1
       Flail             |       |    60 |       ||    60
       Whip              |       |       |    63 ||    63
 Cast: Shroud of Golubri |     1 |     2 |     4 ||     7
       Blink             |     1 |       |     1 ||     2
 Abil: Spit Poison       |    11 |     9 |     6 ||    26
Evoke: Deck              |       |     1 |     5 ||     6
  Use: Scroll            |     1 |     6 |     2 ||     9
       Potion            |       |     1 |     1 ||     2
 Stab: Sleeping          |     3 |       |       ||     3
       Distracted        |     1 |       |       ||     1
  Eat: Chunk             |     3 |     4 |     3 ||    10
Armor: Robe              |    33 |    22 |    26 ||    81
       Leather armour    |     1 |       |       ||     1
       Skin              |       |    11 |       ||    11
       Ring mail         |       |     1 |       ||     1
Dodge: Dodged            |    88 |    64 |    49 ||   201

Table legend:
 A = Spawn XP
 B = Non-spawn XP
 C = Spawn XP percentage of total XP
 D = Spawn monster count
 E = Non-spawn monster count
 F = Spawn count percentage of total count
 G = Total turns spent on level
                    A         B        C        D         E        F      G
               +---------+---------+-------+---------+---------+-------+---------
         Total |       0 |    1210 |   0.0 |       0 |      93 |   0.0 |  3290
               +---------+---------+-------+---------+---------+-------+---------
           D:1 |       0 |      28 |   0.0 |       0 |      13 |   0.0 |   705
           D:2 |       0 |      22 |   0.0 |       0 |      11 |   0.0 |   325
           D:3 |       0 |     158 |   0.0 |       0 |      32 |   0.0 |   815
           D:4 |       0 |     223 |   0.0 |       0 |       5 |   0.0 |   570
           D:5 |       0 |     493 |   0.0 |       0 |      20 |   0.0 |   589
           D:6 |       0 |     286 |   0.0 |       0 |      12 |   0.0 |   286
               +---------+---------+-------+---------+---------+-------+---------
